 Dungeon Crawl Stone Soup version 0.31.0-11-ge490571c62 (webtiles) character file.

Game seed: 6947505650806820141

22 Curundu the Grave Robber (level 2, 0/20 HPs)
             Began as a Draconian Necromancer on Jan 28, 2024.
             Slain by an adder (2 damage)
             ... on level 1 of the Dungeon.
             The game lasted 00:04:20 (950 turns).

Curundu the Grave Robber (Draconian Necromancer)     Turns: 950, Time: 00:04:20

Health: 0/20       AC:  4    Str: 10    XL:     2   Next: 68%
Magic:  4/5        EV: 12    Int: 15    God:
Gold:   50         SH:  0    Dex: 11    Spells: 4/5 levels left

rFire   . . .        (no weapon)
rCold   . . .        (no shield)
rNeg    . . .        (body armour unavailable)
rPois   .            (helmet restricted)
rElec   .            (no cloak)
rCorr   .            (no gloves)
SInv    .            (no boots)
Will    .....        (no amulet)
Stlth   ++           (no ring)
HPRegen 0.23/turn    (no ring)
MPRegen 0.09/turn

%: no passive effects
@: lethally poisoned (0 -> -4)
A: AC +4, unfitting armour, cold-blooded
a: no special abilities


You were on level 1 of the Dungeon.
You visited 1 branch of the dungeon, and saw 2 of its levels.

You collected 50 gold pieces.

Inventory:

Jewellery
 b - a +6 ring of strength
Potions
 a - a potion of magic


   Skills:
 + Level 2.0 Dodging
 + Level 1.9 Stealth
 + Level 0.7 Unarmed Combat
 + Level 2.0 Spellcasting
 + Level 4.4 Necromancy


You had 4 spell levels left.
You knew the following spells:

 Your Spells              Type           Power      Damage    Failure   Level
a - Necrotise             Necr           56%        1d6       3%          1

Your spell library contained the following spells:

 Spells                   Type           Power      Damage    Failure   Level
 Vampiric Draining        Necr           14%        2d7       11%         3
 Animate Dead             Necr           14%        N/A       34%         4
 Curse of Agony           Necr           14%        N/A       69%         5


Dungeon Overview and Level Annotations

Branches:
Dungeon (2/15)

Altars:


Innate Abilities, Weirdness & Mutations

Your plain brown scales are hard. (AC +4)
You cannot fit into any form of body armour.
You are cold-blooded and may be slowed by cold attacks.


Message History

The adder bites you but does no damage. The goblin hits you but does no damage.
You miss the adder.
The adder is severely wounded.
You feel sick. The adder bites you but does no damage.
The adder completely misses you.
The ribbon worm expels a string of sticky webbing.
The stream of webbing hits you but does no damage.
You are caught in a web!
The goblin hits you but does no damage. The adder barely misses you.
You feel sick. The adder bites you.
* * * LOW HITPOINT WARNING * * *
The adder bites you but does no damage.
The ribbon worm expels a string of sticky webbing.
The stream of webbing hits you but does no damage.
You are caught in a web!
The goblin hits you but does no damage. The adder bites you but does no damage.
You feel sick.
You are no longer poisoned.
The adder barely misses you. The adder closely misses you.
The goblin hits you with a +0 dagger.
* * * LOW HITPOINT WARNING * * *
The ribbon worm barely misses you.
Unknown command.
The adder bites you but does no damage. x2
The goblin hits you but does no damage.
You climb upwards.
There is a stone staircase leading down here.
Okay, then.
Casting: Necrotise (safe; 3% risk of failure)
Confirm with . or Enter, or press ? or * to list all spells.
Aiming: Necrotise (safe; 3% risk of failure)
Press: ? - help, Shift-Dir - straight line, f - adder
Aim: an adder (severely wounded, chance to affect: 78%)
The adder barely resists.
The adder closely misses you. The adder bites you.
* * * LOW HITPOINT WARNING * * *
The ribbon worm misses you. The adder bites you.
* * * LOW HITPOINT WARNING * * *
You are lethally poisoned!
The adder poisons you! The goblin closely misses you. The adder bites you.
You die...

...# #(.รท..........# #.# #
########........####.# #.# ##
..........####### #.# #.# #.
####.##...# #.# #.# #. # #.##...#
#.# #.# #. # #.##...####### #.#
#.# #. # #............# #.###^#
#. #######.#.#####S## #.#...# #.
...............g@# #[#.### #.
.######.#.#####wS# #.#.# #.
......(.#.# #..###.#.#########.
.######.#.#####...............##.
....# #.#............#....###....
.##.# #.########.######'#.# #....
.##.# #.# #####.#......+.# #....
.##)# #.# #.....#.####+#####....
.##.# #.# #.###.#.#..#.####.....


You could see a ribbon worm (catching breath), 2 adders and a goblin.

Vanquished Creatures
  2 bats (D:1)
  An endoplasm (D:1)
  A giant cockroach (D:1)
  2 goblins (D:1)
  6 jackals (D:1)
  2 quokkas (D:1)
  3 rats (D:1)
17 creatures vanquished.

Vanquished Creatures (collateral kills)
  A quokka (D:1)
1 creature vanquished.

Grand Total: 18 creatures vanquished

Notes
Turn   | Place    | Note
-------+----------+-------------------------------------------
     0 | D:1      | Curundu the Draconian Necromancer began the quest for the
                  | Orb.
     0 | D:1      | Reached XP level 1. HP: 14/14 MP: 3/3
   124 | D:1      | Found a faded altar of an unknown god.
   341 | D:1      | Reached XP level 2. HP: 20/20 MP: 3/5
   950 | D:1      | Slain by an adder

Illustrated notes

Levels and vault maps discovered:
D:1:      ncdulo_smallfort, layout_loops_ring, chequers_ecumenical_altar_lobes
D:2:      layout_rooms

Skill      XL: |  1 |
---------------+----+-----
Dodging        | 2 |  2.0
Stealth        | |  1.9
Unarmed Combat | |  0.7
Spellcasting   | |  2.0
Necromancy     | |  4.4

Action                     || total
---------------------------++-------
  Melee: Unarmed           ||   101
         Tailslap          ||     8
         Punch             ||     2
   Cast: Necrotise         ||    11
    Use: Scroll            ||     1
   Stab: Sleeping          ||     1
 Armour: Skin              ||    84
  Dodge: Dodged            ||    92
